 Dungeon Crawl Stone Soup version 0.26-a0-651-gb41185065b (webtiles) character file.

Game seed: 9178110480380016024

38 Arthanis the Skirmisher (level 3, -3/23 HPs)
             Began as a Gargoyle Berserker on Oct 10, 2020.
             Was a Follower of Trog.
             Slain by a gnoll
             ... wielding a +0 spear
              (4 damage)
             ... on level 2 of the Dungeon.
             The game lasted 00:01:50 (1221 turns).

Arthanis the Skirmisher (Gargoyle Berserker)        Turns: 1221, Time: 00:01:51

Health: -3/23      AC: 14    Str: 20    XL:     3   Next: 43%
Magic:  3/3        EV:  7    Int:  8    God:    Trog [*.....]
Gold:   48         SH:  3    Dex:  9    Spells: 2/2 levels left

rFire    + . .     SeeInvis .   a - +0 hand axe
rCold    . . .     Faith    .   i - +0 buckler
rNeg     + . .     Spirit   .   n - +0 chain mail
rPois    ∞         Reflect  .   h - +0 helmet
rElec    +         Harm     .   (no cloak)
rCorr    .         Rampage  .   (no gloves)
MR       .....                  e - +0 pair of boots
Stlth    ..........             f - amulet of inaccuracy (curse)
HPRegen  0.07/turn              c - ring of protection from fire
MPRegen  0.08/turn              (no ring)

@: berserk cooldown, slowed, very slow
A: negative energy resistance 1, electricity resistance, unbreathing,
petrification resistance, rot immunity, AC +3
a: Berserk, Renounce Religion


You were on level 2 of the Dungeon.
You worshipped Trog.
Trog was aware of your devotion.
You visited 1 branch of the dungeon, and saw 2 of its levels.

You collected 48 gold pieces.

Inventory:

Hand Weapons
 a - a +0 hand axe (weapon)
Armour
 b - a +0 animal skin
 e - a +0 pair of boots (worn)
 h - a +0 helmet (worn)
 i - a +0 buckler (worn)
 n - a +0 chain mail (worn)
Jewellery
 c - a ring of protection from fire (left hand)
 f - a cursed amulet of inaccuracy (around neck)
Scrolls
 k - a scroll of teleportation {unknown}
 l - a scroll of blinking {unknown}
 m - 4 scrolls of identify {unknown}
Potions
 d - a potion of curing {unknown}
 g - a potion of flight {unknown}
 j - a potion of degeneration {unknown}


   Skills:
 + Level 3.6 Fighting
 * Level 3.2 Axes
 + Level 2.6 Armour
 + Level 1.9 Dodging
 + Level 0.4 Shields


You had 2 spell levels left.
You didn't know any spells.
Your spell library was empty.

Dungeon Overview and Level Annotations

Branches:
Dungeon (2/15)

Altars:


Innate Abilities, Weirdness & Mutations

You are resistant to torment.
Your stone body is resilient. (AC +3)
You are immune to poison.
You resist negative energy. (rN+)
You are resistant to electric shocks. (rElec)
You can survive without breathing.
You are immune to petrification.
You are immune to rotting.


Message History

* * * LOW HITPOINT WARNING * * *
The gnoll barely misses you.
You closely miss the gnoll. You miss the gnoll.
The goblin shoots a stone.
The stone hits you but does no damage. The gnoll barely misses you.
The gnoll hits you but does no damage.
The goblin shoots a stone.
The stone hits you but does no damage. The gnoll hits you but does no damage.
You closely miss the gnoll. x2; The gnoll barely misses you.
The gnoll hits you but does no damage. x2; The goblin shoots a stone.
The stone hits you but does no damage. The gnoll hits you but does no damage.
You closely miss the gnoll. You hit the gnoll.
The gnoll hits you with a +0 spear.
* * * LOW HITPOINT WARNING * * *
The goblin shoots a stone.
The stone hits you but does no damage.
The gnoll hits you but does no damage. x2
You closely miss the gnoll.
Your chain mail prevents you from hitting the gnoll.
The gnoll hits you but does no damage.
The goblin shoots a stone.
The stone barely misses you. You block the gnoll's attack.
The gnoll hits you with a +0 spear.
You die...

..... #.#.##
#....# #.#
#).########.#
######.gg.....##.#
#...[.gg#####.##.#
#.####.#.## #.##.#
..###g# #.##.#
..!. #@##
#....#######
#.#####g.#
#..........# #
#.g# #.#<.#####.#
#..# #.#..# #.# ##
#..# #.#..# ##.##
#.. #..# #.#..#
#.... #.# #....
.....####..## #.#
##..# #.#.....#..#
#.# #..#
#.#.###.#..#


You could see 2 gnolls and a goblin.

Vanquished Creatures
  An ooze (D:1)
  A worm (D:2)
  3 dart slugs (D:1)
  A leopard gecko (D:1)
  A bat (D:1)
  2 goblins (D:1)
  3 hobgoblins (D:1)
  4 kobolds
  A quokka (D:2)
  4 frilled lizards
  3 rats (D:1)
24 creatures vanquished.

Notes
Turn   | Place    | Note
-------+----------+-------------------------------------------
     0 | D:1      | Arthanis the Gargoyle Berserker began the quest for the
                  | Orb.
     0 | D:1      | Reached XP level 1. HP: 14/14 MP: 1/1
   225 | D:1      | Reached XP level 2. HP: 17/19 MP: 2/2
   514 | D:1      | Reached XP level 3. HP: 23/23 MP: 3/3
  1220 | D:2      | HP: 1/23 [gnoll/+0 spear (4)]
  1221 | D:2      | Slain by a gnoll

Illustrated notes

Levels and vault maps discovered:
D:1:      eino_arrival_water_star, layout_basic, minivault_23
D:2:      layout_loops_ring

Skill      XL: |  1  2 |
---------------+-------+-----
Axes           | 3 |  3.2
Fighting       | |  3.6
Armour         | |  2.6
Dodging        | |  1.9
Shields        | |  0.4

Action                   || total
-------------------------++-------
Melee: Hand axe          ||   134
Invok: Berserk           ||     1
  Use: Scroll            ||     1
 Stab: Sleeping          ||     1
Armor: Animal skin       ||    33
       Chain mail        ||    64
Dodge: Dodged            ||    95
Block: Buckler           ||     9

Table legend: (Time is in decaauts)
 A = Elapsed time spent in this place.
 B = Non-inter-level travel time spent in this place.
 C = Inter-level travel time spent in this place.
 D = Time resting spent in this place.
 E = Time spent auto-exploring this place.
 F = Levels seen in this place.
 G = Mean time per level.
                   A        B        C        D        E       F      G
               +--------+--------+--------+--------+--------+-----+--------+
         Total |   1246 |   1219 |     27 |      0 |    916 |   2 |  623.0 |
       Dungeon |   1246 |   1219 |     27 |      0 |    916 |   2 |  623.0 |
               +--------+--------+--------+--------+--------+-----+--------+

Top non-repeatable levels by time:
     D:1: 861 daAuts
     D:2: 384 daAuts
